 Dungeon Crawl Stone Soup version 0.32-a0-290-g598725c5f2 (webtiles) character file.

Game seed: 14163531936375364187

36520 jasper the Severer (level 13, -4/123 HPs)
             Began as a Mountain Dwarf Fighter on Feb 13, 2024.
             Was the Champion of Okawaru.
             Killed from afar by Jorgrun (33 damage)
             ... with an iron shot
             ... on level 12 of the Dungeon.
             The game lasted 00:27:07 (15323 turns).

jasper the Severer (Mountain Dwarf Fighter)        Turns: 15323, Time: 00:27:07

Health: -4/123     AC: 28    Str: 24    XL:     13   Next: 53%
Magic:  13/15      EV: 12    Int:  9    God:    Okawaru [******]
Gold:   1173       SH: 10    Dex:  9    Spells: 12/12 levels left

rFire   . . .        a - +13 consecrated labrys {holy, Valiant ^Fragile Fly SInv}
rCold   . . .        c - +0 buckler
rNeg    . . .        X - +0 swamp dragon scales
rPois   +            q - +1 helmet
rElec   .            (no cloak)
rCorr   .            z - +2 pair of gloves "Fodasiyr" {Will+ Slay+6}
SInv    +            l - +3 pair of seven-league boots {Rampage+∞}
Will    ++...        N - amulet of reflection
Stlth   ++           w - +4 ring of protection
HPRegen 0.40/turn    S - +4 ring of slaying
MPRegen 0.14/turn

%: reflection, rampage+∞
@: heroic, flying, studying Unarmed Combat
A: runic magic, artefact enchanting
a: Renounce Religion, Heroism, Finesse, Duel


You were on level 12 of the Dungeon.
You worshipped Okawaru.
Okawaru was exalted by your worship.
You visited 3 branches of the dungeon, and saw 18 of its levels.
You also visited: Ice Cave.

You collected 1190 gold pieces.
You donated 17 gold pieces to Zin.

Inventory:

Hand Weapons
 a - the +13 consecrated labrys (weapon) {holy, Valiant ^Fragile Fly SInv}
   (Okawaru gifted it to you in an ice cave)

   Valiant:   It becomes more powerful as more dangerous foes come into view.
   SInv:      It lets you see invisible.
   Fly:       It grants you flight.
   ^Fragile:  It will be destroyed if unequipped.
Missiles
 f - 184 stones (quivered)
 h - a boomerang
 k - 25 poisoned darts
 y - 3 throwing nets
 C - 4 javelins
 M - 5 silver javelins
 P - 2 darts of dispersal
 Z - 4 curare-tipped darts
Armour
 c - a +0 buckler (worn)
 l - the +3 pair of seven-league boots (worn) {Rampage+∞}
   (Okawaru gifted it to you in an ice cave)

   Rampage+∞: When moving toward enemies, its wearer moves as far as possible,
   alerting their target en route.
 q - a +1 helmet (worn)
 z - the +2 pair of gloves "Fodasiyr" (worn) {Will+ Slay+6}
   (You acquired it on level 7 of the Dungeon)

   Slay+6:    It affects your accuracy & damage with ranged weapons and melee
   (+6).
   Will+:     It increases your willpower.
 D - a +1 plate armour of cold resistance
 F - a +2 hat of willpower
 X - +0 swamp dragon scales (worn)
Jewellery
 j - an amulet of guardian spirit
 r - a +5 ring of evasion
 s - a +6 ring of dexterity
 v - a ring of protection from cold
 w - a +4 ring of protection (left hand)
 B - an amulet of the acrobat
 G - a +6 ring of strength
 K - an amulet of magic regeneration
 N - an amulet of reflection (around neck)
 Q - a ring of ice
 S - a +4 ring of slaying (right hand)
Wands
 t - a wand of polymorph (20)
 x - a wand of paralysis (28)
 R - a wand of iceblast (2)
 T - a wand of flame (17)
Scrolls
 b - a scroll of vulnerability
 g - 9 scrolls of teleportation
 p - 3 scrolls of fog
 u - 3 scrolls of enchant armour
 A - 2 scrolls of poison
 I - 2 scrolls of amnesia
 O - a scroll of fear
 U - a scroll of revelation
 V - 3 scrolls of immolation
 W - 2 scrolls of enchant weapon
 Y - 2 scrolls of noise
Potions
 d - 4 potions of degeneration
 e - a potion of ambrosia
 i - 4 potions of mutation
 m - 2 potions of lignification
 n - 4 potions of curing
 o - 4 potions of heal wounds
 E - a potion of enlightenment
 H - a potion of haste
 J - a potion of brilliance
 L - a potion of might


   Skills:
 + Level 13.7(18.7) Fighting
 - Level 18.1(23.1) Axes
 - Level 3.3(8.3) Throwing
 + Level 13.6(18.6) Armour
 - Level 3.2(8.2) Shields
 - Level 3.3 Invocations


You had 12 spell levels left.
You didn't know any spells.
Your spell library contained the following spells:

 Spells                   Type           Power      Damage    Failure   Level
 Kiss of Death            Conj/Necr      0%         2d5       45%         1
 Magic Dart               Conj           0%         1d3       45%         1
 Searing Ray              Conj           0%         2d4       58%         2
 Confusing Touch          Hex            0%         N/A       83%         3
 Inner Flame              Hex/Fire       0%         N/A       83%         3
 Cause Fear               Hex            0%         N/A       99%         4
 Dispel Undead            Necr           0%         3d6       99%         4
 Fulminant Prism          Conj/Alch      0%         3d5       99%         4
 Fireball                 Conj/Fire      0%         3d3       100%        5
 Irradiate                Conj/Alch      0%         3d11      100%        5
 Ignition                 Fire           0%         3d3       100%        8
 Chain Lightning          Conj/Air       0%         N/A       100%        9
 Fire Storm               Conj/Fire      0%         5d1       100%        9
 Shatter                  Erth           0%         3d5*      100%        9
 Summon Small Mammal      Summ           Unusable   N/A       N/A         1
 Call Canine Familiar     Summ           Unusable   N/A       N/A         3
 Summon Blazeheart Golem  Fire/Summ      Unusable   N/A       N/A         4
 Dragon's Call            Summ           Unusable   N/A       N/A         9

Dungeon Overview and Level Annotations

Branches:
Dungeon (12/15)            Temple (1/1) D:4            Lair (5/5) D:11
  Swamp (0/4) Lair:3        Snake (0/4) Lair:3        IceCv (visited)
  Slime: Lair:4-5       Orc: D:9-12

Altars:
Ashenzari
Cheibriados
Dithmenos
Elyvilon
Fedhas
Gozag
Hepliaklqana
Kikubaaqudgha
Makhleb
Nemelex Xobeh
Okawaru
Qazlal
Ru
Sif Muna
Trog
Uskayaw
Vehumet
Wu Jian
Xom
Yredelemnul
Zin
The Shining One

Shops:
D:4 :

Portals:
Gauntlet: D:12

Annotations:
D:4 2 transporters, kaiyo's ghost, amateur HORe
D:10 Amaemon
D:12 Jorgrun
Lair:2 2 transporters, Hiwnic's ghost, journeyman OpFE


Innate Abilities, Weirdness & Mutations

Your spellcasting is much less encumbered by armour.
You can use scrolls of enchantment on lesser artefacts.


Message History

Unknown command.
You escape the roots' grasp.
You block Jorgrun's attack.
You have turned to stone.
Jorgrun hits you with a +0 heavy quarterstaff! x2
Jorgrun hits you with a +0 heavy quarterstaff!!
Jorgrun gestures at you while chanting. You resist with almost no effort.
Jorgrun hits you with a +0 heavy quarterstaff.
Jorgrun hits you with a +0 heavy quarterstaff!!
You turn to flesh and can move again.
You see here a howler monkey corpse.
You take 26 damage, and have 52/123 hp.
MASSIVE DAMAGE!!
Unknown command.
Unknown command.
Unknown command.
Okay, then.
You gain the combat prowess of a mighty hero.
Jorgrun completely misses you.
You now have 13/15 mp.
You barely miss Jorgrun. Jorgrun completely misses you.
You slice Jorgrun!!
Jorgrun is moderately wounded.
You slice Jorgrun!!
Jorgrun is heavily wounded.
You open Jorgrun like a pillowcase!!!
Jorgrun is almost dead.
Jorgrun hits you with a +0 heavy quarterstaff.
You take 6 damage, and have 48/123 hp.
You miss Jorgrun.
Jorgrun is almost dead.
You barely miss Jorgrun.
Jorgrun is almost dead.
Jorgrun hits you with a +0 heavy quarterstaff!!
* * * LOW HITPOINT WARNING * * *
You take 20 damage, and have 28/123 hp.
You slash Jorgrun!
Jorgrun is almost dead.
Jorgrun casts a spell at you. The iron shot hits you!!
You die...

.....# ....#
#...# #<..#
#...## #....#
#....#
#.######+#.††.#
#....).†...@..#
#....#####..g.#
..... #........
.... #..[......
... #.........
.. #......... .
..........
.#########


You could see Jorgrun.

Vanquished Creatures
  Gastronok (Lair:2)
  Snorg (Lair:3)
  Fannar (D:11)
  Harold (D:11)
  3 hydras (Lair:4)
  3 two-headed ogres
  2 boulder beetles
  3 death yaks (Lair:4)
  3 bog bodies
  A deep elf pyromancer (D:12)
  6 elephants (Lair:3)
  An ice statue (IceCv)
  2 black mambas
  18 cane toads
  Maggie (Lair:2)
  3 komodo dragons
  A rime drake (Lair:3)
  A freezing wraith (IceCv)
  A troll (D:11)
  4 polar bears
  9 blink frogs
  Grinder (D:3)
  2 dire elephant simulacra (IceCv)
  2 shadows (D:11)
  A wyvern (Lair:3)
  25 yaks
  A vampire (D:9)
  5 basilisks
  3 vampire mosquitoes (D:12)
  2 death yak simulacra (IceCv)
  A harpy simulacrum (IceCv)
  A naga (Lair:3)
  An acid dragon (D:11)
  12 water moccasins
  An ice beast (D:6)
  A sky beast (D:8)
  2 orc warriors (D:8)
  2 ogres (D:6)
  4 phantoms
  A kobold brigand (D:9)
  8 centaurs
  9 bullfrogs
  4 two-headed ogre simulacra (IceCv)
  2 cane toad simulacra (IceCv)
  2 gnoll sergeants (D:7)
  2 scorpions (D:5)
  2 elephant simulacra (Lair:2)
  3 killer bees (D:7)
  A vampire bat (D:11)
  7 howler monkeys
  3 electric eels
  4 lava snakes (Lair:2)
  2 hounds
  2 jellies
  2 orc priests
  An iron imp (D:8)
  5 iguanas
  A sleepcap (D:5)
  Terence (D:2)
  4 orc wizards
  Natasha (thrice) (D:2)
  6 hell rats (Lair:1)
  7 spriggan simulacra (IceCv)
  4 polar bear simulacra (IceCv)
  4 troll simulacra (IceCv)
  3 wolf simulacra
  Robin (D:3)
  4 adders
  14 gnolls
  9 naga simulacra (IceCv)
  A shadow imp (D:7)
  7 white imps
  12 ufetubi
  4 dart slugs
  30 orcs
  6 ball pythons
  5 endoplasms
  4 giant cockroaches
  18 goblins
  16 hobgoblins
  2 jackals (D:4)
  12 kobolds
  8 quokkas
  12 bats
  3 frilled lizards
  8 rats
402 creatures vanquished.

Vanquished Creatures (others)
  An orc wizard (D:11)
1 creature vanquished.

Grand Total: 403 creatures vanquished

Notes
Turn   | Place    | Note
-------+----------+-------------------------------------------
     0 | D:1      | jasper the Mountain Dwarf Fighter began the quest for the
                  | Orb.
     0 | D:1      | Reached XP level 1. HP: 19/19 MP: 1/1
   181 | D:1      | Reached skill level 3 in Axes
   244 | D:1      | Reached XP level 2. HP: 26/26 MP: 2/2
   331 | D:1      | Reached skill level 4 in Axes
   555 | D:1      | Reached XP level 3. HP: 27/31 MP: 3/3
   817 | D:1      | Reached skill level 5 in Axes
  1420 | D:2      | Noticed Natasha
  1425 | D:2      | Killed Natasha
  1426 | D:2      | Reached XP level 4. HP: 33/38 MP: 4/4
  1603 | D:2      | Noticed Natasha
  1618 | D:2      | Killed Natasha
  1619 | D:2      | Reached skill level 6 in Axes
  1720 | D:2      | Noticed Natasha
  1729 | D:2      | Killed Natasha
  1730 | D:2      | Reached XP level 5. HP: 40/45 MP: 5/5
  1992 | D:2      | Found a faded altar of an unknown god.
  2009 | D:2      | Prayed at the altar of an unknown god.
  2009 | D:2      | Became a worshipper of Zin the Law-Giver
  2009 | D:2      | Reached * piety under Zin
  2009 | D:2      | Reached ** piety under Zin
  2016 | D:2      | Noticed Terence
  2031 | D:2      | Killed Terence
  2032 | D:2      | Reached skill level 7 in Axes
  2342 | D:3      | Noticed Grinder
  2342 | D:3      | Paralysed by Grinder for 3 turns
  2363 | D:3      | Killed Grinder
  2364 | D:3      | Reached skill level 8 in Axes
  2364 | D:3      | Reached XP level 6. HP: 18/51 MP: 6/6
  2530 | D:3      | Noticed Robin
  2541 | D:3      | Killed Robin
  3019 | D:4      | Found a staircase to the Ecumenical Temple.
  3088 | Temple   | Entered the Ecumenical Temple
  3095 | Temple   | Fell from the grace of Zin
  3095 | Temple   | Became a worshipper of Warmaster Okawaru
  3204 | D:4      | Found a transporter.
  3205 | D:4      | Found a transporter.
  3205 | D:4      | Noticed kaiyo's ghost (amateur HORe)
  3206 | D:4      | Identified the +3 giant club of Terra Cotta {freeze, rCorr
                  | Str-3 Dex+4}
  3247 | D:4      | Found Fuafoaci's Vocational Training.
  3251 | D:4      | Reached skill level 9 in Axes
  3794 | D:5      | Entered Level 5 of the Dungeon
  3804 | D:5      | Reached XP level 7. HP: 39/57 MP: 7/7
  4252 | D:5      | Reached skill level 10 in Axes
  4365 | D:5      | Reached * piety under Okawaru
  4789 | D:6      | Reached skill level 11 in Axes
  4924 | D:6      | Reached XP level 8. HP: 63/63 MP: 8/8
  5043 | D:6      | Reached skill level 12 in Axes
  5098 | D:6      | Reached ** piety under Okawaru
  5210 | D:6      | Found a bloodstained altar of Trog.
  5366 | D:6      | Reached skill level 1 in Invocations
  5568 | D:6      | Reached skill level 1 in Throwing
  6274 | D:7      | Reached XP level 9. HP: 53/70 MP: 8/11
  6570 | D:7      | Reached skill level 13 in Axes
  6753 | D:7      | Found an ornate altar of the Wu Jian Council.
  6826 | D:7      | Reached *** piety under Okawaru
  6832 | D:7      | Found a glowing golden altar of the Shining One.
  6939 | D:7      | Found a broken altar of Ashenzari.
  6940 | D:7      | Identified a scroll of acquirement
  6940 | D:7      | Acquired the +2 pair of gloves "Fodasiyr" {Will+ Slay+6}
  7057 | D:8      | Noticed a two-headed ogre
  7070 | D:8      | Killed a two-headed ogre
  7071 | D:8      | Reached skill level 5 in Fighting
  7071 | D:8      | Reached skill level 5 in Armour
  7083 | D:8      | Found a snail-covered altar of Cheibriados.
  7149 | D:8      | Found an ancient bone altar of Kikubaaqudgha.
  7383 | D:8      | Reached skill level 14 in Axes
  7624 | D:8      | Found a burning altar of Makhleb.
  7782 | D:9      | Reached **** piety under Okawaru
  7783 | D:9      | Reached XP level 10. HP: 83/83 MP: 12/12
  8166 | D:9      | Identified the +1 robe of Relativism {Stlth+}
  8448 | D:9      | Noticed a two-headed ogre
  8456 | D:9      | Killed a two-headed ogre
  8457 | D:9      | Reached skill level 15 in Axes
  8531 | D:10     | Entered Level 10 of the Dungeon
  8643 | D:10     | Noticed Amaemon
  8643 | D:10     | Noticed an orange demon
  8729 | D:11     | Reached ***** piety under Okawaru
  8895 | D:11     | Noticed a boulder beetle
  8915 | D:11     | Killed a boulder beetle
  8956 | D:11     | Noticed a two-headed ogre
  8960 | D:11     | Killed a two-headed ogre
  8975 | D:11     | Noticed Fannar
  8989 | D:11     | Killed Fannar
  8989 | D:11     | Received a gift from Okawaru
  8990 | D:11     | Reached skill level 16 in Axes
  8990 | D:11     | Reached XP level 11. HP: 65/94 MP: 11/13
  9121 | D:11     | Found a staircase to the Lair.
  9299 | D:11     | Noticed Harold
  9320 | D:11     | Killed Harold
  9620 | Lair:1   | Entered Level 1 of the Lair of Beasts
  9661 | Lair:1   | Identified the +6 whip of Fate {freeze, rPois Str+3}
  9917 | Lair:1   | Received a gift from Okawaru
  9957 | Lair:1   | Reached skill level 17 in Axes
 11304 | Lair:2   | Found a frozen archway.
 11341 | Lair:2   | Noticed Maggie
 11350 | Lair:2   | Killed Maggie
 11354 | IceCv    | Entered an ice cave
 11698 | IceCv    | Received a gift from Okawaru
 11731 | IceCv    | Reached XP level 12. HP: 105/105 MP: 14/14
 12218 | IceCv    | Reached ****** piety under Okawaru
 12219 | IceCv    | Acquired the +4 consecrated labrys {holy, Valiant ^Fragile
                  | Fly SInv}
 12219 | IceCv    | Received a gift from Okawaru
 12219 | IceCv    | Found the +4 consecrated labrys {holy, Valiant ^Fragile Fly
                  | SInv}
 12226 | IceCv    | Reached skill level 18 in Axes
 12229 | IceCv    | Reached skill level 10 in Fighting
 12233 | IceCv    | Acquired the +3 pair of seven-league boots {Rampage+∞}
 12233 | IceCv    | Received a gift from Okawaru
 12233 | IceCv    | Found the +3 pair of seven-league boots {Rampage+∞}
 12297 | IceCv    | Identified the staff "Vizobyut" {rF+ rN+ Will- Conj Necro}
 12417 | Lair:2   | Reached skill level 10 in Armour
 12522 | Lair:2   | Noticed Hiwnic's ghost (journeyman OpFE)
 12536 | Lair:2   | Noticed Gastronok
 12546 | Lair:2   | Killed Gastronok
 12546 | Lair:2   | Received a gift from Okawaru
 12611 | Lair:2   | Found a transporter.
 12613 | Lair:2   | Found a transporter.
 13103 | Lair:3   | Found a staircase to the Swamp.
 13120 | Lair:3   | Found a staircase to the Snake Pit.
 13196 | Lair:3   | Noticed Snorg
 13331 | Lair:3   | Killed Snorg
 13331 | Lair:3   | Received a gift from Okawaru
 13369 | Lair:3   | Noticed a boulder beetle
 13377 | Lair:3   | Killed a boulder beetle
 13514 | Lair:3   | Received a gift from Okawaru
 13518 | Lair:3   | Reached XP level 13. HP: 109/118 MP: 15/15
 14229 | Lair:4   | Identified the +4 mace "Grim Tooth" {freeze, Str+3}
 14652 | Lair:4   | Received a gift from Okawaru
 15171 | Lair:5   | Entered Level 5 of the Lair of Beasts
 15282 | D:12     | Found a gate leading to a gauntlet.
 15300 | D:12     | Noticed Jorgrun
 15323 | D:12     | Killed from afar by Jorgrun

Illustrated notes

Levels and vault maps discovered:
D:1:      dpeg_arrival_circle_labyrinth_a, layout_basic
D:2:      layout_rooms, ebering_ecumenical_altar_hall, uniq_terence,
          uniq_natasha
D:3:      layout_rooms, uniq_grinder, uniq_robin
D:4:      layout_basic, minmay_temple_entry_nine_rooms, gammafunk_ghost_smash,
          nicolae_shop_vocational
D:5:      layout_loops_ring
D:6:      layout_basic, trog_hazing_becter
D:7:      layout_rooms, marbit_many_paths, overflow_temple_1_default,
          nicolae_tso_swordbearing_angel, feat_on_display
D:8:      layout_rooms, kennysheep_slug_shrine, kiku_gazebo_pond_becter,
          demons_altar
D:9:      layout_gridville, minivault_24
D:10:     layout_stronghold, uniq_amaemon, uniq_psyche
D:11:     layout_loops_ring, david_lair_shrubbed, roderic_batcave, uniq_fannar,
          uniq_harold
D:12:     layout_irregular_city, david_orc_1_choice, gauntlet_entry_generic,
          uniq_jorgrun, uniq_frances
Temple:   nicolae_temple_no_exploring_needed
Lair:1:   layout_regular_city, nicolae_volcano_entry_s_turn,
          beast_lair_carwin_10, lemuel_fruit_fields
Lair:2:   layout_roguey, gammafunk_ghost_hive,
          portal_ice_cave_entry_ice_simulacra, nicolae_lair_liquid_snakes,
          uniq_gastronok, uniq_maggie
Lair:3:   layout_cave_pods, skrybe_swamp_entry_bodies,
          guppyfry_snake_entry_island, serial_bayou_shore_b,
          serial_bayou_shore_a, infiniplex_staircase_pool, uniq_snorg
Lair:4:   layout_misc_corridors, st_stairs_8, serial_bayou_pond_e
Lair:5:   due_jungle_book, layout_gridlike, slime_entry_1, serial_bayou_lake_a

Skill      XL: |  1  2  3  4  5  6  7  8  9 10 11 12 13 |
---------------+----------------------------------------+-----
Axes           | 3 4 5 6 8 9 11 12 14 16 17 18 | 18.1
Invocations    | 3 |  3.3
Throwing       | 3 |  3.3
Fighting       | 5 7 9 12 13 | 13.7
Armour         | 5 7 9 12 13 | 13.6
Shields        | |  3.2

Action                     |  1- 3 |  4- 6 |  7- 9 | 10-12 | 13-15 || total
---------------------------+-------+-------+-------+-------+-------++-------
  Melee: War axe           |   107 |   138 |   193 |       |       ||   438
         Battleaxe         |       |       |   130 |   268 |       ||   398
         Labrys            |       |       |       |   119 |    95 ||   214
  Throw: Stone             |     1 |       |       |       |       ||     1
         Boomerang         |    10 |    16 |    66 |   104 |    30 ||   226
         Dart              |       |       |     3 |       |       ||     3
         Throwing net      |       |       |     1 |       |       ||     1
 Invoke: Recite            |       |     2 |       |       |       ||     2
         Heroism           |       |       |     2 |     4 |     3 ||     9
         Receive Weapon    |       |       |       |     1 |       ||     1
         Receive Armour    |       |       |       |     1 |       ||     1
  Evoke: Wand              |       |       |       |     6 |     3 ||     9
    Use: Scroll            |     3 |     5 |     6 |     6 |     5 ||    25
         Potion            |       |     2 |     1 |     1 |     1 ||     5
   Stab: Held in net/web   |       |       |     2 |       |       ||     2
 Armour: Scale mail        |    71 |   110 |    89 |       |       ||   270
         Chain mail        |       |       |    94 |       |       ||    94
         Plate armour      |       |       |    16 |   204 |       ||   220
         Leather armour    |       |       |       |    34 |       ||    34
         Swamp dragon scal |       |       |       |    30 |   102 ||   132
  Dodge: Dodged            |    40 |    74 |   223 |   111 |    36 ||   484
  Block: Buckler           |    29 |    35 |    52 |    29 |    37 ||   182
         Other             |       |       |       |    35 |       ||    35
         Reflection        |       |       |       |     4 |       ||     4

Table legend: (Time is in decaauts)
 A = Elapsed time spent in this place.
 B = Non-inter-level travel time spent in this place.
 C = Inter-level travel time spent in this place.
 D = Time resting spent in this place.
 E = Time spent auto-exploring this place.
 F = Levels seen in this place.
 G = Mean time per level.
                   A        B        C        D        E       F      G
               +--------+--------+--------+--------+--------+-----+--------+
         Total |  15337 |  14629 |    708 |    797 |  10942 |  19 |  807.2 |
       Dungeon |   9732 |   9270 |    462 |    509 |   6934 |  12 |  811.0 |
        Temple |     14 |      2 |     12 |      0 |      0 |   1 |   14.0 |
          Lair |   4557 |   4324 |    233 |     66 |   3503 |   5 |  911.4 |
      Ice Cave |   1032 |   1032 |      0 |    222 |    504 |   1 | 1032.0 |
               +--------+--------+--------+--------+--------+-----+--------+

Top non-repeatable levels by time:
     D:1: 1428 daAuts
     D:6: 1351 daAuts
  Lair:1: 1230 daAuts
  Lair:2: 1187 daAuts
  Lair:3: 1165 daAuts
   IceCv: 1032 daAuts
  Lair:4: 971 daAuts
    D:11: 965 daAuts
     D:4: 962 daAuts
     D:5: 946 daAuts
     D:7: 902 daAuts
     D:9: 817 daAuts
     D:2: 816 daAuts
     D:8: 728 daAuts
     D:3: 648 daAuts
